 Dungeon Crawl Stone Soup version 0.28.0-43-g3370ac3207 (webtiles) character file.

Game seed: 18441161539724030831

51 Peloso the Shield-Bearer (level 3, 0/33 HPs)
             Began as a Minotaur Fighter on Mar 27, 2022.
             Slain by an adder (2 damage)
             ... while paralysed
             ... on level 2 of the Dungeon.
             The game lasted 00:02:09 (1107 turns).

Peloso the Shield-Bearer (Minotaur Fighter)         Turns: 1107, Time: 00:02:10

Health: 0/33       AC:  8    Str: 17 (20) XL:     3   Next: 58%
Magic:  2/2        EV:  2    Int:  0 (3)  God:
Gold:   50         SH:  0    Dex:  8 (11) Spells: 2/2 levels left

rFire   . . .      SeeInvis .   a - +0 long sword
rCold   . . .      Faith    .   c - +0 buckler
rNeg    . . .      Spirit   .   b - +0 scale mail
rPois   .          Reflect  .   (helmet restricted)
rElec   .          Harm     .   (no cloak)
rCorr   .          Rampage  .   k - +0 pair of gloves
Will    .....                   (no boots)
Stlth   ..........              (no amulet)
HPRegen 0.11/turn               (no ring)
MPRegen 0.08/turn               (no ring)

@: paralysed, brilliant, slowed, lost intelligence, unable to read
A: horns 2, retaliatory headbutt, dopey 1
a: no special abilities


You were on level 2 of the Dungeon.
You visited 1 branch of the dungeon, and saw 2 of its levels.

You collected 50 gold pieces.

Inventory:

Hand Weapons
 a - a +0 long sword (weapon)
Armour
 b - a +0 scale mail (worn)
 c - a +0 buckler (worn)
 k - a +0 pair of gloves (worn)
Jewellery
 f - an amulet of the acrobat
Scrolls
 j - a scroll of magic mapping {unknown}
Potions
 d - a potion of might
 h - a potion of attraction {unknown}
 i - a potion of cancellation {unknown}
 l - a potion of brilliance


   Skills:
 + Level 4.0 Fighting
 + Level 3.1 Long Blades
 + Level 4.3 Armour
 + Level 0.4 Dodging
 + Level 4.3 Shields


You had 2 spell levels left.
You didn't know any spells.
Your spell library was empty.

Dungeon Overview and Level Annotations

Branches:
Dungeon (2/15)

Altars:


Innate Abilities, Weirdness & Mutations

You have a pair of horns on your head.
You reflexively headbutt those who attack you in melee.
You are dopey. (Int -2)


Message History

You closely miss the gnoll.
The gnoll is almost dead.
The gnoll closely misses you.
You closely miss the gnoll.
The gnoll is almost dead.
You block the gnoll's attack.
You hit the gnoll.
You kill the gnoll!
Your Fighting skill increases to level 4!
Your Long Blades skill increases to level 3!
Things that are here:
a +0 whip; a gnoll corpse
Things that are here:
a +0 flail; a +0 spear; a gnoll corpse An adder comes into view.
An adder is nearby!
An adder is nearby!
The adder hisses angrily.
Things that are here:
a +0 whip; a gnoll corpse The adder bites you.
* * * LOW HITPOINT WARNING * * *
The adder bites you but does no damage.
You hit the adder. You headbutt the adder.
The adder is severely wounded.
The adder bites you.
* * * LOW HITPOINT WARNING * * *
The adder bites you but does no damage.
It was a potion of brilliance.
You feel clever all of a sudden. You block the adder's attack.
It was a potion of mutation.
You feel extremely strange.
You feel stupid. You block the adder's attack.
It was a potion of degeneration.
There was something very wrong with that liquid.
You feel weakened.
You feel dopey.
You have lost your intelligence.
You feel clumsy. The adder bites you.
You die...

#.# ###.# .....
...# #..# #..# ##
#.S# #
##.#####.@####.#.#
#.#.......)......#
#<###.....).....#
#.# ########....#
#.# #.## #.# # ..#
.#. . .


You could see an adder.

Vanquished Creatures
  3 gnolls (D:2)
  3 ball pythons (D:1)
  2 endoplasms (D:1)
  A giant cockroach (D:1)
  A goblin (D:1)
  2 hobgoblins (D:1)
  A kobold (D:1)
  A quokka (D:1)
  3 bats (D:1)
  3 frilled lizards (D:1)
  4 rats
24 creatures vanquished.

Notes
Turn   | Place    | Note
-------+----------+-------------------------------------------
     0 | D:1      | Peloso the Minotaur Fighter began the quest for the Orb.
     0 | D:1      | Reached XP level 1. HP: 19/19 MP: 0/0
   457 | D:1      | Reached XP level 2. HP: 22/27 MP: 1/1
   655 | D:1      | Found a faded altar of an unknown god.
  1089 | D:2      | Reached XP level 3. HP: 29/33 MP: 2/2
  1104 | D:2      | HP: 1/33 [adder (1)]
  1106 | D:2      | Gained mutation: You are dopey. (Int -2) [potion of
                  | mutation]
  1107 | D:2      | Lost intelligence.
  1107 | D:2      | Slain by an adder

Illustrated notes

Levels and vault maps discovered:
D:1:      heliophobic_arrival_henge, layout_basic, basic_ecumenical_altar
D:2:      layout_loops_ring, basic_altar, minmay_crystal_room, st_stairs_1,
          grunt_decor_mini_mirrors, roderic_lattice_a

Skill      XL: |  1  2  3 |
---------------+----------+-----
Armour         | 4 |  4.3
Shields        | 4 |  4.3
Fighting       | 4 |  4.0
Long Blades    | 3 |  3.1
Dodging        | |  0.4

Action                   || total
-------------------------++-------
Melee: Long sword        ||    60
       Headbutt          ||     4
  Use: Potion            ||     3
Armor: Scale mail        ||    23
Dodge: Dodged            ||    30
Block: Buckler           ||    17
